MLB
DETROIT TIGERS @ CLEVELAND GUARDIANS
10/10/2098
 
TOP OF THE 1ST
Detroit Tigers batting - Pitching for Cleveland Guardians : LHP Art Tesar
Pitching: LHP Art Tesar
Batting: LHB Philip Clark 0-0: Reached on error, E4 (Groundball, 4, EV 101.3 MPH)
Batting: RHB Steve Selmon 0-0: Called Strike
0-1: Ball
1-1: Ball
2-1: Swinging Strike
2-2: Strikes out swinging
Batting: LHB Denny Marshall 0-0: 2-RUN HOME RUN (Flyball, 9LD, EV 90.6 MPH), Distance : 340 ft
Batting: SHB Mang He 0-0: Called Strike
0-1: Ball
1-1: Foul Ball, location: 3FF
1-2: Strikes out swinging
Batting: RHB Edgar Navarrete 0-0: SINGLE (Line Drive, 9S, EV 84.4 MPH)
Batting: RHB Allan Alessi 0-0: Swinging Strike
0-1: Ball
1-1: Foul Ball, location: 2F
1-2: Ball
2-2: Fielders Choice at 2nd, 6-4 (Groundball, 6, EV 81.9 MPH)
Top of the 1st over - 2 runs, 2 hits, 1 error, 1 left on base; Detroit 2 - Cleveland 0
BOTTOM OF THE 1ST
Cleveland Guardians batting - Pitching for Detroit Tigers : RHP Chuck Watts
Pitching: RHP Chuck Watts
Batting: LHB Mel Soto 0-0: Called Strike
0-1: Foul Ball, location: 3FF
0-2: Foul Ball, location: 7LDF
0-2: Ball
1-2: SINGLE (Line Drive, 8LS, EV 95.0 MPH)
Batting: SHB Jose Agramonte 0-0: SINGLE (Groundball, 6MD, EV 100.6 MPH)
Mel Soto to second
Runner from 2nd tries for 3rd, SAFE, no throw by CF
Batting: LHB Jonathan Setzler 0-0: Called Strike
Jose Agramonte steals 2nd base
0-1: Swinging Strike
0-2: Strikes out swinging
Batting: RHB Barry Nicholson 0-0: Called Strike
0-1: Ball
1-1: Ball
2-1: Swinging Strike
2-2: Strikes out swinging
Batting: LHB Donny Liebler 0-0: Ball
1-0: Ball
2-0: Swinging Strike
2-1: Ball
3-1: Base on Balls
Batting: RHB Jimmy Murphey 0-0: Foul Ball, location: 5F
0-1: Ball
1-1: Swinging Strike
1-2: Strikes out swinging
Bottom of the 1st over - 0 runs, 2 hits, 0 errors, 3 left on base; Detroit 2 - Cleveland 0
TOP OF THE 2ND
Detroit Tigers batting - Pitching for Cleveland Guardians : LHP Art Tesar
Batting: RHB Donald Nohl 0-0: Called Strike
0-1: Called Strike
0-2: Strikes out swinging
Batting: RHB Jake Henson 0-0: Ball
1-0: Called Strike
1-1: SINGLE (Line Drive, 89S, EV 93.8 MPH)
Batting: RHB Carlos Fraire 0-0: Ball
Jake Henson is caught stealing 2nd base 2-4
1-0: Ball
2-0: Ball
3-0: Called Strike
3-1: Ground out 6-3 (Groundball, 6M, EV 93.1 MPH)
Top of the 2nd over - 0 runs, 1 hit, 0 errors, 0 left on base; Detroit 2 - Cleveland 0
BOTTOM OF THE 2ND
Cleveland Guardians batting - Pitching for Detroit Tigers : RHP Chuck Watts
Batting: RHB Chris Downs 0-0: Called Strike
0-1: Foul Ball, location: 3SF
0-2: Ground out 6-3 (Groundball, 56D, EV 98.1 MPH)
Batting: RHB Chris Goacher 0-0: Called Strike
0-1: Ball
1-1: Ground out 6-3 (Groundball, 6S, EV 87.5 MPH)
Batting: RHB Jesse Hansen 0-0: Ball
1-0: Foul Ball, location: 3F
1-1: Called Strike
1-2: Ball
2-2: Ball
3-2: Fly out, F8 (Flyball, 8LXD, EV 83.1 MPH)
Bottom of the 2nd over - 0 runs, 0 hits, 0 errors, 0 left on base; Detroit 2 - Cleveland 0
TOP OF THE 3RD
Detroit Tigers batting - Pitching for Cleveland Guardians : LHP Art Tesar
Batting: LHB Philip Clark 0-0: Called Strike
0-1: Ball
1-1: Called Strike
1-2: Ball
2-2: Foul Ball, location: 5SF
2-2: Foul Ball, location: 7LDF
2-2: Strikes out swinging
Batting: RHB Steve Selmon 0-0: Called Strike
0-1: Called Strike
0-2: Ball
1-2: SINGLE (Groundball, 2R, EV 68.8 MPH) (infield hit)
Batting: LHB Denny Marshall 0-0: Fielders Choice at 2nd, 3-6 (Groundball, 3, EV 90.0 MPH)
Batting: SHB Mang He 0-0: Called Strike
0-1: Foul Ball, location: 25F
0-2: Ball
1-2: Foul Ball, location: 23F
1-2: Ball
2-2: Foul Ball, location: 23F
2-2: SINGLE (Groundball, 6MD, EV 97.5 MPH)
Denny Marshall to second
Runner from 2nd tries for 3rd, OUT! 8-5
Top of the 3rd over - 0 runs, 2 hits, 0 errors, 1 left on base; Detroit 2 - Cleveland 0
BOTTOM OF THE 3RD
Cleveland Guardians batting - Pitching for Detroit Tigers : RHP Chuck Watts
Batting: LHB Mel Soto 0-0: Called Strike
0-1: Called Strike
0-2: Foul Ball, location: 2F
0-2: Ball
1-2: Foul Ball, location: 2F
1-2: Ball
2-2: Ball
3-2: Fly out, F5 (Popup, 5S, EV 81.3 MPH)
Batting: SHB Jose Agramonte 0-0: Ball
1-0: Ball
2-0: Called Strike
2-1: Reached on error, E4 (Groundball, 4M, EV 81.3 MPH)
Batting: LHB Jonathan Setzler 0-0: Called Strike
0-1: Ball
1-1: Ball
2-1: Ball
3-1: Base on Balls
Batting: RHB Barry Nicholson 0-0: Called Strike
0-1: Ball
1-1: Foul Ball, location: 2F
1-2: SINGLE (Groundball, 5D, EV 98.8 MPH)
Jose Agramonte to third
Jonathan Setzler to second
Runner from 3rd tries for Home, SAFE, throw by LF to home
Batting: LHB Donny Liebler 0-0: Swinging Strike
0-1: Foul Ball, location: 3F
0-2: Ball
1-2: Strikes out looking
Batting: RHB Jimmy Murphey 0-0: Called Strike
0-1: Called Strike
0-2: Foul Ball, location: 9LDF
0-2: Strikes out swinging
Bottom of the 3rd over - 1 run, 1 hit, 1 error, 2 left on base; Detroit 2 - Cleveland 1
TOP OF THE 4TH
Detroit Tigers batting - Pitching for Cleveland Guardians : LHP Art Tesar
Batting: RHB Edgar Navarrete 0-0: Ball
1-0: Called Strike
1-1: Foul Ball, location: 9LMF
1-2: Ball
2-2: Foul Ball, location: 25FF
2-2: Foul Ball, location: 25F
2-2: Strikes out looking
Batting: RHB Allan Alessi 0-0: Ground out 6-3 (Groundball, 6, EV 92.5 MPH)
Batting: RHB Donald Nohl 0-0: Swinging Strike
0-1: Swinging Strike
0-2: Strikes out swinging
Top of the 4th over - 0 runs, 0 hits, 0 errors, 0 left on base; Detroit 2 - Cleveland 1
BOTTOM OF THE 4TH
Cleveland Guardians batting - Pitching for Detroit Tigers : RHP Chuck Watts
Batting: RHB Chris Downs 0-0: Ball
1-0: Ground out 3-1 (Groundball, 34, EV 96.3 MPH)
Batting: RHB Chris Goacher 0-0: Fly out, F7 (Flyball, 7, EV 77.5 MPH)
Batting: RHB Jesse Hansen 0-0: Ball
1-0: Foul Ball, location: 5FF
1-1: Called Strike
1-2: Ball
2-2: Fly out, F7 (Flyball, 7, EV 91.3 MPH)
Bottom of the 4th over - 0 runs, 0 hits, 0 errors, 0 left on base; Detroit 2 - Cleveland 1
TOP OF THE 5TH
Detroit Tigers batting - Pitching for Cleveland Guardians : LHP Art Tesar
Batting: RHB Jake Henson 0-0: Ball
1-0: Called Strike
1-1: Called Strike
1-2: Strikes out swinging
Batting: RHB Carlos Fraire 0-0: Foul Ball, location: 7LDF
0-1: Ball
1-1: Ball
2-1: Called Strike
2-2: Fly out, F9 (Flyball, 9, EV 90.6 MPH)
Batting: LHB Philip Clark 0-0: Called Strike
0-1: Swinging Strike
0-2: Strikes out looking
Top of the 5th over - 0 runs, 0 hits, 0 errors, 0 left on base; Detroit 2 - Cleveland 1
BOTTOM OF THE 5TH
Cleveland Guardians batting - Pitching for Detroit Tigers : RHP Chuck Watts
Pitching: RHP Justin Grogan
Batting: LHB Mel Soto 0-0: Ball
1-0: Ground out 1-3 (Groundball, 13S, EV 68.1 MPH)
Batting: SHB Jose Agramonte 0-0: Foul Ball, location: 7LSF
0-1: Ball
1-1: Foul Ball, location: 3FF
1-2: Strikes out looking
Batting: LHB Jonathan Setzler 0-0: Swinging Strike
0-1: Ball
1-1: Foul Ball, location: 2F
1-2: Strikes out swinging
Bottom of the 5th over - 0 runs, 0 hits, 0 errors, 0 left on base; Detroit 2 - Cleveland 1
TOP OF THE 6TH
Detroit Tigers batting - Pitching for Cleveland Guardians : LHP Art Tesar
Batting: RHB Steve Selmon 0-0: Ball
1-0: SINGLE (Groundball, 15S, EV 63.8 MPH) (infield hit)
Batting: LHB Denny Marshall 0-0: Called Strike
0-1: Fly out, F8 (Flyball, 89M, EV 95.6 MPH)
Batting: SHB Mang He 0-0: Swinging Strike
0-1: Ball
1-1: Ball
2-1: DOUBLE (Line Drive, 7LM, EV 100.6 MPH)
Steve Selmon to third
Runner from 3rd tries for Home, SAFE, no throw by LF
Batting: RHB Edgar Navarrete 0-0: Foul Ball, location: 5FF
0-1: Swinging Strike
0-2: Ball
1-2: Ball
2-2: SINGLE (Groundball, 6MS, EV 86.3 MPH) (infield hit)
Mang He to third
Batting: RHB Allan Alessi 0-0: Swinging Strike
0-1: 3-RUN HOME RUN (Line Drive, 89XD, EV 97.5 MPH), Distance : 399 ft
Pitching: RHP Bryan Jessee
Batting: RHB Donald Nohl 0-0: Swinging Strike
0-1: Ball
1-1: Ball
2-1: Ball
3-1: Foul Ball, location: 5F
3-2: Strikes out swinging
Batting: RHB Jake Henson 0-0: Swinging Strike
0-1: Ball
1-1: Called Strike
1-2: Ball
2-2: Ground out 1-3 (Groundball, 34S, EV 70.0 MPH)
Top of the 6th over - 4 runs, 4 hits, 0 errors, 0 left on base; Detroit 6 - Cleveland 1
BOTTOM OF THE 6TH
Cleveland Guardians batting - Pitching for Detroit Tigers : RHP Justin Grogan
Batting: RHB Barry Nicholson 0-0: Ball
1-0: Called Strike
1-1: SINGLE (Groundball, 34D, EV 100.0 MPH)
Batting: LHB Donny Liebler 0-0: Ball
1-0: Ball
2-0: Ball
3-0: Base on Balls
Barry Nicholson to second
Batting: RHB Jimmy Murphey 0-0: Ball
1-0: Called Strike
1-1: Called Strike
1-2: Strikes out looking
Pinch Hitting: LHB Victor Zavala 0-0: Called Strike
0-1: Ball
1-1: Ball
2-1: Called Strike
2-2: Foul Ball, location: 7LDF
2-2: Ball
3-2: Base on Balls
Barry Nicholson to third
Donny Liebler to second
Batting: RHB Chris Goacher 0-0: Called Strike
0-1: Foul Ball, location: 25FF
0-2: Grounds into fielders choice 5-2 (Groundball, 56S, EV 106.3 MPH)
Donny Liebler to third
Victor Zavala to second
Batting: RHB Jesse Hansen 0-0: Ball
1-0: Foul Ball, location: 2F
1-1: Swinging Strike
1-2: Ground out U3 (Groundball, 34, EV 110.0 MPH)
Bottom of the 6th over - 0 runs, 1 hit, 0 errors, 3 left on base; Detroit 6 - Cleveland 1
TOP OF THE 7TH
Detroit Tigers batting - Pitching for Cleveland Guardians : RHP Bryan Jessee
Now at SS: Mike Maddy
Batting: RHB Carlos Fraire 0-0: Called Strike
0-1: Ball
1-1: Ball
2-1: Fly out, F7 (Line Drive, 7S, EV 100.6 MPH)
Batting: LHB Philip Clark 0-0: Ball
1-0: Swinging Strike
1-1: Called Strike
1-2: Foul Ball, location: 7LDF
1-2: Strikes out swinging, 2-3 out at first.
Batting: RHB Steve Selmon 0-0: Ball
1-0: DOUBLE (Flyball, 78XD, EV 96.9 MPH)
Batting: LHB Denny Marshall 0-0: Called Strike
0-1: Ball
1-1: Ball
2-1: Foul Ball, location: 9LSF
2-2: Strikes out looking
Top of the 7th over - 0 runs, 1 hit, 0 errors, 1 left on base; Detroit 6 - Cleveland 1
BOTTOM OF THE 7TH
Cleveland Guardians batting - Pitching for Detroit Tigers : RHP Justin Grogan
Pitching: RHP Jim Vickery
Batting: LHB Mel Soto 0-0: Ball
1-0: Swinging Strike
1-1: Swinging Strike
1-2: Ball
2-2: Foul Ball, location: 3F
2-2: Strikes out looking
Batting: SHB Jose Agramonte 0-0: Called Strike
0-1: Ball
1-1: Foul Ball, location: 9LSF
1-2: Ball
2-2: Foul Ball, location: 2F
2-2: Strikes out swinging
Batting: LHB Jonathan Setzler 0-0: Called Strike
0-1: Called Strike
0-2: Ball
1-2: Ball
2-2: SOLO HOME RUN (Flyball, 7D, EV 96.9 MPH), Distance : 365 ft
Batting: RHB Barry Nicholson 0-0: Fly out, F9 (Flyball, 9, EV 93.1 MPH)
Bottom of the 7th over - 1 run, 1 hit, 0 errors, 0 left on base; Detroit 6 - Cleveland 2
TOP OF THE 8TH
Detroit Tigers batting - Pitching for Cleveland Guardians : RHP Bryan Jessee
Batting: SHB Mang He 0-0: Ball
1-0: Ball
2-0: Foul Ball, location: 2F
2-1: Foul Ball, location: 3FF
2-2: Ball
3-2: Base on Balls
Batting: RHB Edgar Navarrete 0-0: 2-RUN HOME RUN (Flyball, 78XD, EV 100.0 MPH), Distance : 393 ft
Batting: RHB Allan Alessi 0-0: Ball
1-0: Swinging Strike
1-1: Foul Ball, location: 2F
1-2: Ball
2-2: Strikes out swinging
Batting: RHB Donald Nohl 0-0: Called Strike
0-1: Ball
1-1: Called Strike
1-2: Ground out U3 (Groundball, 34, EV 86.9 MPH)
Batting: RHB Jake Henson 0-0: Called Strike
0-1: Foul Ball, location: 2F
0-2: Foul Ball, location: 9LSF
0-2: Ball
1-2: Foul Ball, location: 2F
1-2: Strikes out swinging
Top of the 8th over - 2 runs, 1 hit, 0 errors, 0 left on base; Detroit 8 - Cleveland 2
BOTTOM OF THE 8TH
Cleveland Guardians batting - Pitching for Detroit Tigers : RHP Jim Vickery
Batting: LHB Donny Liebler 0-0: Ball
1-0: SINGLE (Groundball, 4MD, EV 96.3 MPH)
Batting: RHB Jimmy Murphey 0-0: 2-RUN HOME RUN (Flyball, 78XD, EV 105.0 MPH), Distance : 417 ft
Pitching: LHP Malcolm Shelvin
Batting: RHB Mike Maddy 0-0: Swinging Strike
0-1: Foul Ball, location: 7LSF
0-2: Ground out 6-3 (Groundball, 56, EV 101.3 MPH)
Batting: RHB Chris Goacher 0-0: Ball
1-0: Swinging Strike
1-1: Fly out, F7 (Line Drive, 7S, EV 86.9 MPH)
Batting: RHB Jesse Hansen 0-0: Swinging Strike
0-1: Ball
1-1: Called Strike
1-2: Ball
2-2: Strikes out swinging
Bottom of the 8th over - 2 runs, 2 hits, 0 errors, 0 left on base; Detroit 8 - Cleveland 4
TOP OF THE 9TH
Detroit Tigers batting - Pitching for Cleveland Guardians : RHP Bryan Jessee
Pitching: RHP Jake Wahlstrom
Batting: RHB Carlos Fraire 0-0: Ball
1-0: Swinging Strike
1-1: DOUBLE (Line Drive, 9LS, EV 87.5 MPH)
Batting: LHB Philip Clark 0-0: TRIPLE (Flyball, 89XD, EV 104.4 MPH)
Carlos Fraire scores
Batting: RHB Steve Selmon 0-0: Foul Ball, location: 2F
0-1: Ball
1-1: Ball
2-1: Foul Ball, location: 2F
2-2: Ball
3-2: Foul Ball, location: 7LSF
3-2: Ground out 4-3 (Groundball, 4, EV 100.6 MPH)
Philip Clark scores
Batting: LHB Denny Marshall 0-0: Called Strike
0-1: Called Strike
0-2: Fly out, F7 (Flyball, 7, EV 91.3 MPH)
Batting: SHB Mang He 0-0: Ground out 4-3 (Groundball, 4, EV 107.5 MPH)
Top of the 9th over - 2 runs, 2 hits, 0 errors, 0 left on base; Detroit 10 - Cleveland 4
BOTTOM OF THE 9TH
Cleveland Guardians batting - Pitching for Detroit Tigers : LHP Malcolm Shelvin
Batting: LHB Mel Soto 0-0: Ball
1-0: Ball
2-0: Called Strike
2-1: Ball
3-1: Base on Balls
Batting: SHB Jose Agramonte 0-0: Ball
1-0: Called Strike
1-1: Foul Ball, location: 9LMF
1-2: Fly out, F8 (Flyball, 8LM, EV 77.5 MPH)
Pinch Hitting: RHB Rogelio Cosme 0-0: Ball
1-0: Foul Ball, location: 9LMF
1-1: Ball
2-1: Foul Ball, location: 9LMF
2-2: Fly out, F9 (Flyball, 89M, EV 78.1 MPH)
Batting: RHB Barry Nicholson 0-0: Fielders Choice at 2nd, 6-4 (Groundball, 6, EV 85.6 MPH)
Bottom of the 9th over - 0 runs, 0 hits, 0 errors, 1 left on base; Detroit 10 - Cleveland 4
Tuesday, April 16th , 2024 - OOTP Baseball 24.11 Build 85